 Dungeon Crawl Stone Soup version 0.28.0-53-g5a82cb258f (webtiles) character file.

Game seed: 10192840025601063036

137 Tirrikindir the Skirmisher (level 5, -1/36 HPs)
             Began as an Octopode Fighter on Aug 18, 2022.
             Was an Initiate of Ashenzari.
             Slain by an orc
             ... wielding a +0 club
              (5 damage)
             ... on level 3 of the Dungeon.
             The game lasted 00:05:04 (2415 turns).

Tirrikindir the Skirmisher (Octopode Fighter)       Turns: 2415, Time: 00:05:05

Health: -1/36      AC:  1    Str: 15    XL:     5   Next: 20%
Magic:  5/5        EV: 13    Int: 11    God:    Ashenzari [......]
Gold:   97         SH:  5    Dex: 13    Spells: 4/4 levels left

rFire   . . .      SeeInvis .   a - +0 long sword of Ashenzari's Comet {Melee, Elem} (curse)
rCold   . . .      Faith    .   b - +0 buckler
rNeg    . . .      Spirit   .   (helmet restricted)
rPois   .          Reflect  .   (no amulet)
rElec   .          Harm     .   (no ring)
rCorr   .          Rampage  .   (no ring)
Will    .....                   (no ring)
Stlth   +++.......              (no ring)
HPRegen 0.12/turn               (no ring)
MPRegen 0.09/turn               (no ring)
                                (no ring)
                                (no ring)

@: brilliant
A: almost no armour, amphibious, 8 rings, camouflage 1, gelatinous body 1,
(nimble swimmer 1), tentacles
a: Renounce Religion, Curse Item, Shatter the Chains


You were on level 3 of the Dungeon.
You worshipped Ashenzari.
Ashenzari was noncommittal.
You visited 1 branch of the dungeon, and saw 3 of its levels.

You collected 97 gold pieces.

Inventory:

Hand Weapons
 a - the cursed +0 long sword of Ashenzari's Comet (weapon) {Melee, Elem}

   It has a curse which improves the following skills: Melee Combat: Short
   Blades, Long Blades, Axes, Maces & Flails, Polearms, Staves and Unarmed
   Combat.
   Elements:  Fire Magic, Ice Magic, Air Magic and Earth Magic.
Missiles
 f - 3 poisoned darts (quivered)
Armour
 b - a +0 buckler (worn)
Scrolls
 e - a scroll of enchant armour {unknown}
Potions
 h - a potion of invisibility {unknown}
 i - a potion of degeneration {unknown}


   Skills:
 + Level 3.5 Fighting
 * Level 3.3(3.7) Long Blades
 + Level 3.4 Dodging
 + Level 2.8 Stealth
 + Level 3.5 Shields


You had 4 spell levels left.
You didn't know any spells.
Your spell library was empty.

Dungeon Overview and Level Annotations

Branches:
Dungeon (3/15)

Altars:
Ashenzari


Innate Abilities, Weirdness & Mutations

You cannot wear most types of armour.
You are amphibious.
You can wear up to eight rings at the same time.
Your skin changes colour to match your surroundings (Stealth+).
Your rubbery body absorbs attacks. (AC +1, EV +1)
((You are camouflaged when in or above water. (Stealth+)))
You have tentacles for arms and can constrict up to eight enemies at once.


Message History

You throw a poisoned dart.
The poisoned dart hits the giant cockroach.
Unknown command.
Items here: )) [ †.
You slash the giant cockroach!
You kill the giant cockroach!
(D) Dungeon
Where to? (Enter - D:3, ? - help)
Things that are here:
a +0 dagger; a +0 robe; an orc skeleton
Things that are here:
a +0 whip; a stone
There is a stone staircase leading up here.
You climb upwards.
There is a stone staircase leading down here.
You start resting.
You feel a little less mighty now.
You climb downwards.
There is a stone staircase leading up here.
You start resting.
HP restored.
Things that are here:
a stone; a +0 whip
Things that are here:
a +0 robe; a +0 dagger The orc priest shouts!
You hear a shout!
The orc priest mumbles some strange prayers to Beogh against you.
Beogh smites you!
The orc shouts!
You closely miss the orc. You grab the orc. You constrict the orc.
The orc hits you with a +0 club.
The orc priest invokes the aid of Beogh against you.
Beogh smites you!
* * * LOW HITPOINT WARNING * * *
The orc hits you with a +0 club.
* * * LOW HITPOINT WARNING * * *
It was a potion of brilliance.
You feel clever all of a sudden.
You constrict the orc. The orc hits you with a +0 club.
You die...

..........[..(......)....... ...
........######...####'##### .....
###.....# ##.###.....## .....
#.....# #)####.....## .....
#.....# ##.#.###.....# .....#
#.....# #..#..###.....
......#######.######÷.([..###....
......(####......#....#....####'#
..........)÷....@o....#.....#....
.......###......oo....##....#..[.
......## #............###..)'...[
...... #............# ##..#..[.
...... #............# ##.#....
...... #............# #####+#
.o.o.. ##...........+ #...o.
.............# ##...#
######........#


You could see an orc priest and 2 orcs.

Vanquished Creatures
  2 orc wizards (D:3)
  2 adders (D:2)
  An adder skeleton (D:3)
  3 orcs (D:3)
  3 endoplasms
  8 giant cockroaches
  3 hobgoblins
  7 kobolds
  6 quokkas
  5 ball pythons
  4 bats
  4 frilled lizards (D:1)
  4 goblins
  8 rats
60 creatures vanquished.

Vanquished Creatures (others)
  2 plants (D:1)
2 creatures vanquished.

Grand Total: 62 creatures vanquished

Notes
Turn   | Place    | Note
-------+----------+-------------------------------------------
     0 | D:1      | Tirrikindir the Octopode Fighter began the quest for the
                  | Orb.
     0 | D:1      | Reached XP level 1. HP: 16/16 MP: 1/1
   160 | D:1      | Reached XP level 2. HP: 21/21 MP: 2/2
   224 | D:1      | Reached skill level 1 in Stealth
   428 | D:1      | Found a faded altar of an unknown god.
   439 | D:1      | Prayed at the altar of an unknown god.
   439 | D:1      | Became a worshipper of Ashenzari the Shackled
   536 | D:1      | Reached XP level 3. HP: 26/26 MP: 3/3
  1303 | D:2      | Reached XP level 4. HP: 18/31 MP: 4/4
  2171 | D:3      | Reached XP level 5. HP: 8/36 MP: 5/5
  2415 | D:3      | Slain by an orc

Illustrated notes

Levels and vault maps discovered:
D:1:      lightli_arrival_lavapool, layout_loops_ring,
          dreamdust_ecumenical_altar_grove
D:2:      layout_rooms
D:3:      layout_rooms, serial_shops, shop, minmay_quadrilaterals, uniq_jessica

Skill      XL: |  1  2  3  4 |
---------------+-------------+-----
Stealth        | 1 2 |  2.8
Long Blades    | 3 |  3.3
Fighting       | |  3.5
Dodging        | |  3.4
Shields        | |  3.5

Action                   |  1- 3 |  4- 6 || total
-------------------------+-------+-------++-------
Melee: Long sword        |    76 |    38 ||   114
       Constrict         |    24 |     6 ||    30
       Tentacles         |    12 |     2 ||    14
       Punch             |       |     1 ||     1
Throw: Dart              |     2 |     5 ||     7
Invok: Curse Item        |     1 |       ||     1
  Use: Scroll            |     3 |       ||     3
       Potion            |       |     3 ||     3
 Stab: Sleeping          |    10 |       ||    10
Armor: Skin              |     2 |     3 ||     5
Dodge: Dodged            |    46 |    19 ||    65
Block: Buckler           |    15 |     3 ||    18
